 Dungeon Crawl Stone Soup version 0.27.1-33-g824d729ab1 (webtiles) character file.

Game seed: 870771862660731740

36 pkoi the Ruffian (level 3, -4/42 HPs)
             Began as a Draconian Transmuter on Dec 11, 2021.
             Was an Initiate of Qazlal.
             Slain by a water moccasin zombie (6 damage)
             ... on level 4 of the Dungeon.
             The game lasted 00:01:04 (1307 turns).

pkoi the Ruffian (Draconian Transmuter)             Turns: 1307, Time: 00:01:04

Health: -4/42      AC:  7    Str: 12    XL:     3   Next: 19%
Magic:  6/6        EV: 12    Int: 14    God:    Qazlal [......]
Gold:   16         SH:  0    Dex: 11    Spells: 5/6 levels left

rFire    . . .     SeeInvis .     - Unarmed
rCold    . . .     Faith    .   (no shield)
rNeg     . . .     Spirit   .   (armour unavailable)
rPois    .         Reflect  .   (helmet restricted)
rElec    .         Harm     .   (no cloak)
rCorr    .         Rampage  .   a - +1 pair of gloves
Will     .....                  (no boots)
Stlth    ..........             (no amulet)
HPRegen  0.14/turn              (no ring)
MPRegen  0.10/turn              (no ring)

@: berserking, very quick
A: AC +5, unfitting armour, cold-blooded
a: Renounce Religion


You were on level 4 of the Dungeon.
You worshipped Qazlal.
Qazlal was noncommittal.
You visited 1 branch of the dungeon, and saw 3 of its levels.

You collected 16 gold pieces.

Inventory:

Armour
 a - a +1 pair of gloves (worn)
Scrolls
 b - a scroll of enchant armour


   Skills:
 - Level 1.1 Fighting
 - Level 1.7 Dodging
 + Level 4.3 Unarmed Combat
 - Level 2.0 Spellcasting
 - Level 2.0 Transmutations


You had 5 spell levels left.
You knew the following spells:

 Your Spells              Type           Power      Damage    Failure   Level
a - Beastly Appendage     Tmut           14%        N/A       11%         1

Your spell library contained the following spells:

 Spells                   Type           Power      Damage    Failure   Level
 Wereblood                Tmut           7%         N/A       16%         2
 Spider Form              Tmut/Pois      2%         N/A       43%         3
 Ice Form                 Ice/Tmut       4%         N/A       83%         4


Dungeon Overview and Level Annotations

Branches:
Dungeon (2/15)

Altars:
Qazlal


Innate Abilities, Weirdness & Mutations

Your plain brown scales are hard. (AC +5)
You cannot fit into any form of body armour.
You are cold-blooded and may be slowed by cold attacks.


Message History

You hit the water moccasin zombie.
Your punch misses the water moccasin zombie.
The water moccasin zombie is lightly damaged.
The water moccasin zombie bites you.
You hit the water moccasin zombie but do no damage.
Your tail-slap misses the water moccasin zombie.
The water moccasin zombie is lightly damaged.
The water moccasin zombie bites you.
* * * LOW HITPOINT WARNING * * *
You barely miss the water moccasin zombie.
The water moccasin zombie is lightly damaged.
The water moccasin zombie closely misses you.
You closely miss the water moccasin zombie.
The water moccasin zombie is lightly damaged.
The water moccasin zombie bites you.
* * * LOW HITPOINT WARNING * * *
You hit the water moccasin zombie.
The water moccasin zombie is moderately damaged.
The water moccasin zombie bites you but does no damage.
You hit the water moccasin zombie.
The water moccasin zombie is moderately damaged.
The water moccasin zombie bites you.
* * * LOW HITPOINT WARNING * * *
You closely miss the water moccasin zombie.
The water moccasin zombie is moderately damaged.
The water moccasin zombie bites you.
* * * LOW HITPOINT WARNING * * *
The water moccasin zombie bites you but does no damage.
You hit the water moccasin zombie.
Your tail-slap misses the water moccasin zombie.
The water moccasin zombie is moderately damaged.
The water moccasin zombie closely misses you.
It was a potion of berserk rage.
A red film seems to cover your vision as you go berserk!
You feel yourself moving faster!
You feel mighty! The water moccasin zombie misses you.
You punch the water moccasin zombie!
The water moccasin zombie is heavily damaged.
The water moccasin zombie bites you.
You die...

..#..##.##.##.
........$.........
.....>........... .
..............# .. #
#............## ...#.
#.............##
.....##
#..............
.......##.......Z...#
....#.......###@###
........#.#.#☼...○#
.......####.#.....#.#
.....## #..†._....#
...# #.#.....### ..
#.#☼...≈# . #.###.###
#.. ..# ### ###


You could see a water moccasin zombie.

Vanquished Creatures
  A dart slug (D:1)
  A bat (D:1)
  An endoplasm (D:1)
  A giant cockroach (D:1)
  3 goblins (D:1)
  3 hobgoblins
  11 jackals (D:1)
  4 kobolds
  A rat (D:1)
26 creatures vanquished.

Notes
Turn   | Place    | Note
-------+----------+-------------------------------------------
     0 | D:1      | pkoi the Draconian Transmuter began the quest for the Orb.
     0 | D:1      | Reached XP level 1. HP: 16/16 MP: 3/3
   356 | D:1      | Reached XP level 2. HP: 15/23 MP: 5/5
   712 | D:1      | Reached skill level 4 in Unarmed Combat
   966 | D:1      | Reached XP level 3. HP: 25/28 MP: 6/6
  1131 | D:2      | You fall into a shaft and drop 2 floors!
  1238 | D:4      | Found a stormy altar of Qazlal.
  1243 | D:4      | Became a worshipper of Qazlal Stormbringer
  1304 | D:4      | HP: 1/28 [water moccasin zombie (3)]
  1307 | D:4      | Slain by a water moccasin zombie

Illustrated notes

Levels and vault maps discovered:
D:1:      dpeg_arrival_round_a, layout_rooms
D:2:      layout_loops_ring, serial_glass, glass_columns_c, glass_columns_a,
          hellmonk_ecumenical_altar_inner_sanctum, minmay_pentomino_u4
D:4:      layout_cave_pools, grunt_qazlal_clouds, gup_sewer_entry_spiral,
          serial_shops, shop, biasface_ghost_orc_armoury,
          mrwooster_statue_mirror

Skill      XL: |  1  2 |
---------------+-------+-----
Unarmed Combat | 4 |  4.3
Fighting       | |  1.1
Dodging        | |  1.7
Spellcasting   | |  2.0
Transmutations | |  2.0

Action                   || total
-------------------------++-------
Melee: Unarmed           ||   120
       Tailslap          ||     6
       Punch             ||     1
  Use: Scroll            ||     2
       Potion            ||     1
 Stab: Sleeping          ||     1
Armor: Skin              ||    60
Dodge: Dodged            ||    91
